 Dungeon Crawl Stone Soup version 0.20.1-1-g8b1a95d (webtiles) character file.

186 Romulous the Chopper (level 5, 46/46 HPs)
             Began as a Minotaur Fighter on Oct 14, 2017.
             Got out of the dungeon alive.
             The game lasted 00:20:13 (2819 turns).

Romulous the Chopper (Minotaur Fighter)             Turns: 2819, Time: 00:20:14

Health: 46/46      AC: 10    Str: 22    XL:     5   Next: 38%
Magic:  4/4        EV:  6    Int:  5    God:
Gold:   138        SH:  9    Dex:  9    Spells: 4/4 levels left

rFire    . . .     SeeInvis .   a - +0 war axe
rCold    . . .     Gourm    .   c - +0 shield
rNeg     . . .     Faith    .   n - +0 chain mail
rPois    .         Spirit   .   (helmet restricted)
rElec    .         Reflect  .   (no cloak)
rCorr    .         Harm     .   (no gloves)
MR       .....                  m - +0 pair of boots
Stlth    ..........             (no amulet)
Regen    0.2/turn               (no ring)
MPRegen  0.1/turn               (no ring)

@: no status effects
A: retaliatory headbutt, horns 2
a: no special abilities


You escaped.
You were not hungry.

You visited 1 branch of the dungeon, and saw 3 of its levels.

You collected 138 gold pieces.

Inventory:

Hand Weapons
 a - a +0 war axe (weapon)
Missiles
 g - 5 tomahawks (quivered)
Armour
 b - a +0 scale mail
 c - a +0 shield (worn)
 m - a +0 pair of boots (worn)
 n - a +0 chain mail (worn)
Jewellery
 l - an uncursed ring of ice
Wands
 q - a wand of polymorph (7/24)
Scrolls
 e - 2 scrolls of identify {unknown}
 i - 2 scrolls of remove curse {unknown}
 k - 5 scrolls of teleportation {unknown}
 u - a scroll of amnesia {unknown}
 w - a scroll of enchant armour {unknown}
 y - a scroll of noise {unknown}
Potions
 d - a potion of might
 h - a potion of heal wounds {unknown}
 j - 5 potions of curing {unknown}
 o - a potion of haste {unknown}
 p - a potion of berserk rage {unknown}
 r - 2 potions of mutation {unknown}
 s - a potion of agility {unknown}
Books
 x - a book of Changes

   Spells                             Type                      Level
   a - Beastly Appendage              Transmutation                1
   b - Sticks to Snakes               Transmutation                2
   c - Spider Form                    Transmutation/Poison         3
   d - Ice Form                       Ice/Transmutation            4
   e - Blade Hands                    Transmutation                5
Comestibles
 f - 3 bread rations
 t - a meat ration


   Skills:
 + Level 4.1 Fighting
 + Level 4.9 Axes
 + Level 4.3 Armour
 + Level 0.2 Dodging
 + Level 0.5 Stealth
 + Level 4.8 Shields


You had 4 spell levels left.
You didn't know any spells.

Dungeon Overview and Level Annotations

Branches:
Dungeon (3/15)

Altars:
Dithmenos
Nemelex Xobeh


Innate Abilities, Weirdness & Mutations

You reflexively headbutt those who attack you in melee.
You have a pair of horns on your head.


Message History

You can't go down here!
You climb upwards.
There is a stone staircase leading down here.
There is a stone staircase leading down here.
A giant cockroach comes into view.
You hit the giant cockroach.
The giant cockroach is severely wounded.
The giant cockroach bites you.
You barely miss the giant cockroach.
The giant cockroach is severely wounded.
The giant cockroach bites you. The giant cockroach barely misses you.
You slash the giant cockroach!
You kill the giant cockroach!
You see here a giant cockroach corpse.
You enter the shallow water.
Moving in this stuff is going to be slow.
There is a staircase leading out of the dungeon here.
You can't go down here!
Are you sure you want to leave the Dungeon?
This will make you lose the game!
You have escaped!

#.###.##....#..........
#.###..................
#..##.............#.#..
########.########........
#≈≈≈≈≈≈≈.≈≈≈≈≈≈≈#.)......
#≈≈≈≈≈.....≈≈≈≈≈#........
#≈≈....≈≈≈....≈≈#......†.
#≈...≈≈≈.≈≈≈...≈#........
#≈..≈≈≈.@..≈≈..≈#.......)
#≈...≈≈≈.≈≈≈...≈#........
#≈≈....≈≈≈....≈≈#......##
#≈≈≈≈≈.....≈≈≈≈≈#........
#≈≈≈≈≈≈≈≈≈≈≈≈≈≈≈#...###..
#################........
#.....................
###...#######.###...##
#.### #.#...####


There were no monsters in sight!

Vanquished Creatures
  Ijyb (D:3)
  An orc wizard (D:3)
  Robin (D:2)
  3 gnolls (D:2)
  2 adders
  An adder zombie (D:2)
  A dart slug (D:1)
  A leopard gecko (D:3)
  2 orcs (D:3)
  6 bats
  A bat skeleton (D:2)
  A bat zombie (D:2)
  2 giant cockroaches
  15 goblins
  8 hobgoblins
  2 jackals (D:3)
  2 quokkas
  5 frilled lizards
  A giant cockroach zombie (D:2)
  8 kobolds
  6 rats
70 creatures vanquished.

Notes
Turn   | Place    | Note
-------+----------+-------------------------------------------
     0 | D:1      | Romulous the Minotaur Fighter began the quest for the Orb.
     0 | D:1      | Reached XP level 1. HP: 19/19 MP: 0/0
    54 | D:1      | Reached XP level 2. HP: 27/27 MP: 1/1
   463 | D:2      | Found a shadowy altar of Dithmenos.
   947 | D:2      | Noticed Robin
   964 | D:2      | Reached XP level 3. HP: 26/33 MP: 2/2
   975 | D:2      | Killed Robin
  1209 | D:2      | Reached XP level 4. HP: 31/40 MP: 3/3
  1549 | D:2      | You fall through a shaft!
  2164 | D:3      | Noticed Ijyb
  2209 | D:3      | Killed Ijyb
  2209 | D:3      | Reached XP level 5. HP: 46/46 MP: 4/4
  2475 | D:3      | Found a sparkling altar of Nemelex Xobeh.
  2819 | D:$      | Got out of the dungeon alive.

Skill      XL: |  1  2  3  4 |
---------------+-------------+-----
Shields        | 4 |  4.8
Fighting       | 4 |  4.1
Axes           | 3 4 |  4.9
Armour         | 4 |  4.3
Dodging        | |  0.2
Stealth        | |  0.5

Action                   |  1- 3 |  4- 6 || total
-------------------------+-------+-------++-------
Melee: War axe           |    67 |    91 ||   158
       Headbutt          |    10 |    14 ||    24
       Unarmed           |       |     7 ||     7
 Stab: Confused          |       |     1 ||     1
  Eat: Chunk             |     1 |     4 ||     5
       Fruit             |       |     1 ||     1
Armor: Scale mail        |    19 |       ||    19
       Chain mail        |    29 |    52 ||    81
       Skin              |       |     3 ||     3
Dodge: Dodged            |    24 |    21 ||    45
Block: Shield            |    44 |    58 ||   102
